 Bloatcrawl 2 version 0.50.1-497-g763ebf1 (webtiles) character file.

Game seed: 1653884026080512356, levelgen mode: deterministic

163 Dorkslayer the Slasher (level 5, -5/38 HPs)
             Began as a Robot Gladiator on Dec 1, 2020.
             Killed by divine providence
             ... invoked by an orc priest
              (13 damage)
             ... on level 3 of the Dungeon.
             The game lasted 00:04:29 (1475 turns).

Dorkslayer the Slasher (Robot Gladiator)            Turns: 1475, Time: 00:04:30

Health: -5/38      AC:  9    Str: 17    XL:     5   Next: 20%
Magic:  4/4        EV: 10    Int: 11    God:
Gold:   60         SH:  0    Dex: 10    Spells: 4/4 levels left Game modifiers: x1.5 XP

rFire   . . .      SeeInvis .    a - +0 long sword
rCold   . . .      Gourm    .    (no shield)
rNeg    + + +      Faith    .    g - +0 chain mail
rPois   ∞          Spirit   .    c - +0 helmet
rElec   .          Reflect  .    (no cloak)
rCorr   .          Harm     .    (no gloves)
MR      .....                    (no boots)
Stlth   ..........               (no amulet)
HPRegen 0.12/turn                h - +2 ring of evasion
MPRegen 0.09/turn                (no ring)

@: no status effects
A: fragile items, foodless, slowed by fire and elec, negative energy resistance
3, torment resistance, unbreathing, rot immunity, laser
a: Mouth Laser


You were on level 3 of the Dungeon.
You were not hungry.

You visited 1 branch of the dungeon, and saw 3 of its levels.

You collected 60 gold pieces.

Inventory:

Hand Weapons
 a - a +0 long sword (weapon)
Missiles
 d - 3 throwing nets (quivered)
Armour
 c - a +0 helmet (worn)
 g - a +0 chain mail (worn)
Jewellery
 h - a +2 ring of evasion (left hand)
Scrolls
 b - a scroll of fog {unknown}
 f - 3 scrolls of identify {unknown}
 i - a scroll of random uselessness {unknown}


   Skills:
 + Level 2.2 Fighting
 + Level 4.3 Long Blades
 + Level 2.1 Throwing
 + Level 1.2 Armour
 + Level 3.5 Dodging
 + Level 0.8 Stealth


You had 4 spell levels left.
You didn't know any spells.
Your spell library was empty.

Dungeon Overview and Level Annotations

Branches:
Dungeon (3/15)

Altars:


Innate Abilities, Weirdness & Mutations

You break items when uninstalling them.
You do not eat.
You are sometimes slowed by electricity and fire.
You are immune to poison.
You are immune to negative energy. (rN+++)
You are immune to unholy pain and torment.
You can survive without breathing.
You are immune to rotting.
You can shoot a disintegration laser from your mouth.


Message History

The orc's wounds heal themselves!
You hit the orc.
The orc is heavily wounded.
The orc closely misses you.
You hit the orc but do no damage.
The orc is heavily wounded.
The orc hits you but does no damage. The orc misses you.
You hit the orc.
The orc is almost dead.
The orc hits you but does no damage.
You hit the orc but do no damage.
The orc is almost dead.
The orc hits you but does no damage.
You hit the orc.
You kill the orc!
The orc priest begins to cast a cantrip, but forgets the words!
You hit the orc but do no damage. The orc hits you but does no damage.
The orc priest calls down the wrath of Beogh upon you.
Beogh smites you!
You die...

#.g# #############
##o## ............#
#..# ............#
##o# ............#
#.## ............#
#..# ............#
##.##
...)........######og#
.........<..')..@oo.#
............#######..#
............# ..#
............# ..#
............# ..#
.!..........# ..#
############# ...


You could see an orc priest, 2 orcs and a goblin.

Vanquished Creatures
  5 adders
  A dart slug (D:2)
  3 leopard geckos
  4 orcs (D:3)
  6 bats
  4 giant cockroaches
  6 goblins
  9 hobgoblins
  5 kobolds (D:1)
  A ball python (D:2)
  2 frilled lizards (D:2)
  7 rats
53 creatures vanquished.

Notes
Turn   | Place    | Note
-------+----------+-------------------------------------------
     0 | D:1      | Dorkslayer the Robot Gladiator began the quest for the Orb.
     0 | D:1      | Reached XP level 1. HP: 16/16 MP: 0/0
    23 | D:1      | Reached XP level 2. HP: 22/22 MP: 1/1
   221 | D:1      | Reached XP level 3. HP: 25/27 MP: 2/2
   710 | D:2      | Reached XP level 4. HP: 33/33 MP: 3/3
   823 | D:2      | Reached skill level 4 in Long Blades
  1161 | D:2      | Reached skill level 1 in Armour
  1408 | D:3      | Gained mutation: You can shoot a disintegration laser from
                  | your mouth. [Robot growth]
  1408 | D:3      | Reached XP level 5. HP: 38/38 MP: 4/4
  1475 | D:3      | Killed from afar by an orc priest

Levels and vault maps discovered:
D:1:      mrwooster_arrival_statue_2, layout_basic
D:2:      layout_basic
D:3:      layout_basic

Skill      XL: |  1  2  3  4 |
---------------+-------------+-----
Long Blades    | 4 |  4.3
Armour         | 1 |  1.2
Fighting       | |  2.2
Throwing       | |  2.1
Dodging        | |  3.5
Stealth        | |  0.8

Action                   |  1- 3 |  4- 6 || total
-------------------------+-------+-------++-------
Melee: Long sword        |    71 |    79 ||   150
Throw: Dart              |     5 |     5 ||    10
 Abil: Mouth Laser       |       |     1 ||     1
Armor: Leather armour    |    15 |       ||    15
       Chain mail        |     7 |    50 ||    57
Dodge: Dodged            |    55 |    44 ||    99
       Rpst.: Long sword |    21 |    16 ||    37
